 Dungeon Crawl Stone Soup version 0.29-a0-9-g022ca4c (webtiles) character file.

Game seed: 10209254899733755916

74 Illumine the Slasher (level 4, -2/31 HPs)
             Began as an Octopode Monk on Jan 28, 2022.
             Slain by a gnoll (10 damage)
             ... on level 2 of the Dungeon.
             The game lasted 00:03:27 (2092 turns).

Illumine the Slasher (Octopode Monk)                Turns: 2092, Time: 00:03:27

Health: -2/31      AC:  1    Str: 12    XL:     4   Next: 30%
Magic:  4/4        EV: 14    Int: 12    God:
Gold:   68         SH:  0    Dex: 14    Spells: 3/3 levels left

rFire   . . .      SeeInvis .   a - +0 falchion
rCold   . . .      Faith    .   (no shield)
rNeg    . . .      Spirit   .   (helmet restricted)
rPois   .          Reflect  .   (no amulet)
rElec   .          Harm     .   (no ring)
rCorr   .          Rampage  .   (no ring)
Will    .....                   (no ring)
Stlth   +++.......              (no ring)
HPRegen 0.10/turn               (no ring)
MPRegen 0.09/turn               (no ring)
                                (no ring)
                                (no ring)

@: no status effects
A: almost no armour, amphibious, 8 rings, camouflage 1, gelatinous body 1,
(nimble swimmer 1), tentacles
a: no special abilities


You were on level 2 of the Dungeon.
You visited 1 branch of the dungeon, and saw 2 of its levels.

You collected 68 gold pieces.

Inventory:

Hand Weapons
 a - a +0 falchion (weapon)
Missiles
 b - 4 poisoned darts (quivered)
Scrolls
 c - 2 scrolls of amnesia {unknown}
 d - 2 scrolls of teleportation {unknown}
 e - a scroll of fog {unknown}
 g - a scroll of identify {unknown}
 h - a scroll of blinking {unknown}
Potions
 f - 3 potions of haste {unknown}
 i - 2 potions of heal wounds {unknown}


   Skills:
 - Level 3.0 Fighting
 * Level 4.9 Long Blades
 - Level 3.0 Dodging
 - Level 3.0 Stealth


You had 3 spell levels left.
You didn't know any spells.
Your spell library was empty.

Dungeon Overview and Level Annotations

Branches:
Dungeon (2/15)

Altars:

Shops:
D:2 (


Innate Abilities, Weirdness & Mutations

You cannot wear most types of armour.
You are amphibious.
You can wear up to eight rings at the same time.
Your skin changes colour to match your surroundings (Stealth+).
Your rubbery body absorbs attacks. (AC +1, EV +1)
((You are camouflaged when in or above water. (Stealth+)))
You have tentacles for arms and can constrict up to eight enemies at once.


Message History

An endoplasm comes into view.
You barely miss the gnoll.
The endoplasm quivers.
You grab the gnoll. You squeeze the gnoll!
The gnoll is severely wounded.
You constrict the gnoll. The gnoll closely misses you.
You hit the gnoll.
You kill the gnoll!
You have reached level 4!
Things that are here:
a +0 whip; a gnoll corpse A gnoll comes into view.
It is wielding a +0 club.
You barely miss the endoplasm. The endoplasm closely misses you.
A gnoll comes into view. It is wielding a +0 spear.
The gnoll shouts!
You hit the endoplasm.
The endoplasm is almost dead.
The endoplasm hits you.
You hit the endoplasm.
You kill the endoplasm!
You hit the gnoll. You grab the gnoll.
The gnoll is heavily wounded.
You constrict the gnoll. The gnoll hits you with a +0 club!
The gnoll misses you.
You hit the gnoll. You squeeze the gnoll.
You kill the gnoll!
The gnoll hits you from afar with a +0 spear.
You are too injured to fight recklessly!
The gnoll hits you with a +0 spear!
* * * LOW HITPOINT WARNING * * *
Things that are here:
a +0 club; a gnoll corpse You hit the gnoll.
You grab the gnoll. You squeeze the gnoll.
The gnoll is moderately wounded.
You constrict the gnoll, but do no damage.
The gnoll misses you.
You hit the gnoll.
The gnoll is severely wounded.
You constrict the gnoll. The gnoll hits you with a +0 spear!
You die...

.....#...##.#
.......)###.#
####..).....#
####.##### ##'##
##...## # ###
##.....##
###.##.######.......##
#...g@.)..##.........#
#.#######..'.........'
#)##.........#
#.###.......## #.#
##.....## #.# ##...##
#.# ##'## #.# #.# ..#
#<#


You could see a gnoll.

Vanquished Creatures
  2 gnolls (D:2)
  An adder (D:2)
  A dart slug (D:1)
  4 bats
  9 endoplasms
  2 giant cockroaches (D:1)
  4 goblins
  6 hobgoblins
  A quokka (D:1)
  2 ball pythons
  A frilled lizard (D:1)
  7 kobolds
  2 rats (D:1)
42 creatures vanquished.

Notes
Turn   | Place    | Note
-------+----------+-------------------------------------------
     0 | D:1      | Illumine the Octopode Monk began the quest for the Orb.
     0 | D:1      | Reached XP level 1. HP: 16/16 MP: 1/1
   264 | D:1      | Reached XP level 2. HP: 18/21 MP: 2/2
   742 | D:1      | Reached skill level 4 in Long Blades
   742 | D:1      | Reached XP level 3. HP: 26/26 MP: 3/3
  1316 | D:2      | Found Cosuzxofug's Antique Weapon Boutique.
  2083 | D:2      | Reached XP level 4. HP: 28/31 MP: 4/4
  2092 | D:2      | Slain by a gnoll

Illustrated notes

Levels and vault maps discovered:
D:1:      onia_arrival_mini_spirals, layout_loops_ring
D:2:      layout_loops_corners, serial_shops, nicolae_shop_trees

Skill      XL: |  1  2 |
---------------+-------+-----
Stealth        | 3 |  3.0
Long Blades    | 4 |  4.9
Fighting       | |  3.0
Dodging        | |  3.0

Action                   |  1- 3 |  4- 6 || total
-------------------------+-------+-------++-------
Melee: Falchion          |    91 |     7 ||    98
       Constrict         |    18 |     2 ||    20
       Tentacles         |    10 |     2 ||    12
 Stab: Sleeping          |    13 |       ||    13
       Distracted        |     1 |       ||     1
Armor: Skin              |    14 |       ||    14
Dodge: Dodged            |    53 |     3 ||    56

Table legend: (Time is in decaauts)
 A = Elapsed time spent in this place.
 B = Non-inter-level travel time spent in this place.
 C = Inter-level travel time spent in this place.
 D = Time resting spent in this place.
 E = Time spent auto-exploring this place.
 F = Levels seen in this place.
 G = Mean time per level.
                   A        B        C        D        E       F      G
               +--------+--------+--------+--------+--------+-----+--------+
         Total |   2102 |   2067 |     35 |    148 |   1638 |   2 | 1051.0 |
       Dungeon |   2102 |   2067 |     35 |    148 |   1638 |   2 | 1051.0 |
               +--------+--------+--------+--------+--------+-----+--------+

Top non-repeatable levels by time:
     D:1: 1200 daAuts
     D:2: 901 daAuts
